 Dungeon Crawl Stone Soup version 0.31-a0-889-g1a8549509d (webtiles) character file.

Game seed: 6824564551670129060

298 p00ps00p the Trooper (level 6, -7/56 HPs)
             Began as a Hill Orc Fighter on Oct 16, 2023.
             Engulfed by a steam dragon's steam (13 damage)
             ... on level 4 of the Dungeon.
             The game lasted 00:03:55 (3280 turns).

p00ps00p the Trooper (Hill Orc Fighter)             Turns: 3280, Time: 00:03:56

Health: -7/56      AC:  7    Str: 21    XL:     6   Next: 35%
Magic:  6/6        EV:  9    Int:  8    God:
Gold:   153        SH:  4    Dex: 10    Spells: 5/5 levels left

rFire   . . .        a - +1 war axe
rCold   . . .        c - +0 buckler
rNeg    . . .        b - +0 scale mail
rPois   +            (no helmet)
rElec   .            (no cloak)
rCorr   .            (no gloves)
SInv    .            (no boots)
Will    .....        (no amulet) Stlth
                     m - ring of poison resistance
HPRegen 0.29/turn    (no ring)
MPRegen 0.10/turn

%: no passive effects
@: no status effects
A: no striking features
a: no special abilities


You were on level 4 of the Dungeon.
You visited 1 branch of the dungeon, and saw 4 of its levels.

You collected 153 gold pieces.

Inventory:

Hand Weapons
 a - a +1 war axe (weapon)
Missiles
 i - 2 javelins
Armour
 b - a +0 scale mail (worn)
 c - a +0 buckler (worn)
Jewellery
 m - a ring of poison resistance (left hand)
Talismans
 h - a flux talisman
 l - a blade talisman
Scrolls
 f - a scroll of vulnerability
 n - 4 scrolls of enchant armour
Potions
 d - a potion of might
 g - a potion of enlightenment
 o - a potion of curing


   Skills:
 + Level 5.2 Fighting
 + Level 4.7 Axes
 + Level 4.7 Armour
 + Level 4.7 Shields


You had 5 spell levels left.
You didn't know any spells.
Your spell library was empty.

Dungeon Overview and Level Annotations

Branches:
Dungeon (4/15)
 Temple: D:4-7

Altars:
Hepliaklqana


Message History

You kill the black bear!
Your Fighting skill increases to level 5!
You have reached level 6!
You see here a black bear corpse.
A steam dragon comes into view.
A steam dragon is nearby!
A steam dragon is nearby!
A steam dragon is nearby!
Found a dagger.
The steam dragon breathes steam at you. The ball of steam hits you!
You hear an angry hiss. x2
No target in view!
No target in view!
No target in view!
You are engulfed in a cloud of scalding steam.
An iguana comes into view.
You hit the steam dragon but do no damage.
You are engulfed in a cloud of scalding steam.
The steam dragon barely misses you. The steam dragon closely misses you.
You slash the steam dragon!
The steam dragon is moderately wounded.
The steam dragon bites you but does no damage.
The steam dragon claws you but does no damage.
The steam dragon barely misses you.
The steam dragon claws you but does no damage.
You hit the steam dragon.
The steam dragon is heavily wounded.
The steam dragon breathes steam at you. The ball of steam misses you.
You hear an angry hiss.
You slash the steam dragon!
The steam dragon is almost dead.
You are engulfed in a cloud of scalding steam.
* * * LOW HITPOINT WARNING * * *
You block the steam dragon's attack. x2
You closely miss the steam dragon.
The steam dragon is almost dead.
You are engulfed in a cloud of scalding steam.
You die...

#.##)#..........##.# #.#
#.##.#.######.#.#..# #.#
#.))...<......#.#.## #.#
#.##.#######.##.#.# #.#
#.##... .....#.# #.#
#.###### ###.#..#.# #.#
#.. ......#.# #.#
#.#+########.§§.#.# #†#
....)..lD@.§....#.# #.#
#......#####§.§.#.####.#
... #...........# .
#....#.###### #....#.#
#.#.##.# #.#.##.#
#.#.##.# #.#.##.#


You could see a steam dragon (catching breath) and an iguana.

Vanquished Creatures
  A black bear (D:4)
  A gnoll bouda (D:3)
  2 orc wizards
  6 gnolls
  3 adders (D:3)
  A worm (D:3)
  A dart slug (D:3)
  6 orcs
  3 ball pythons
  7 bats
  2 endoplasms
  4 goblins
  3 hobgoblins
  A quokka (D:3)
  A frilled lizard (D:3)
  A kobold (D:2)
  2 rats
45 creatures vanquished.

Notes
Turn   | Place    | Note
-------+----------+-------------------------------------------
     0 | D:1      | p00ps00p the Hill Orc Fighter began the quest for the Orb.
     0 | D:1      | Reached XP level 1. HP: 19/19 MP: 1/1
   342 | D:1      | Reached XP level 2. HP: 27/27 MP: 2/2
  1224 | D:2      | Found a hazy altar of Hepliaklqana.
  1435 | D:3      | Reached skill level 4 in Fighting
  1488 | D:3      | Reached XP level 3. HP: 33/33 MP: 3/3
  1498 | D:3      | HP: 1/33 [gnoll/+0 club[a gnoll bouda] (2)]
  1901 | D:2      | Reached XP level 4. HP: 17/40 MP: 4/4
  2366 | D:3      | Reached XP level 5. HP: 45/47 MP: 5/5
  3178 | D:4      | Noticed a black bear
  3186 | D:4      | Killed a black bear
  3187 | D:4      | Reached skill level 5 in Fighting
  3187 | D:4      | Reached XP level 6. HP: 37/56 MP: 6/6
  3272 | D:4      | Noticed a steam dragon
  3280 | D:4      | Engulfed by a steam dragon's steam

Illustrated notes

Levels and vault maps discovered:
D:1:      dpeg_arrival_signposts, layout_basic, minivault_27
D:2:      layout_basic, basic_altar
D:3:      layout_basic, minmay_quantized
D:4:      layout_basic, nicolae_overflow_hidden_temple,
          chequers_temple_overflow_statue_of_worship, serial_shops,
          nicolae_shop_overgrown_old_shop, minmay_bent

Skill      XL: |  1  2  3  4  5 |
---------------+----------------+-----
Axes           | 3 4 |  4.7
Fighting       | 4 5 |  5.2
Armour         | 4 |  4.7
Shields        | 4 |  4.7

Action                     |  1- 3 |  4- 6 || total
---------------------------+-------+-------++-------
  Melee: War axe           |    58 |    72 ||   130
    Use: Potion            |     2 |       ||     2
         Scroll            |     1 |     6 ||     7
 Armour: Scale mail        |    66 |    84 ||   150
  Dodge: Dodged            |    38 |    38 ||    76
  Block: Buckler           |    21 |    20 ||    41

Table legend: (Time is in decaauts)
 A = Elapsed time spent in this place.
 B = Non-inter-level travel time spent in this place.
 C = Inter-level travel time spent in this place.
 D = Time resting spent in this place.
 E = Time spent auto-exploring this place.
 F = Levels seen in this place.
 G = Mean time per level.
                   A        B        C        D        E       F      G
               +--------+--------+--------+--------+--------+-----+--------+
         Total |   3325 |   3185 |    140 |    772 |   2026 |   4 |  831.2 |
       Dungeon |   3325 |   3185 |    140 |    772 |   2026 |   4 |  831.2 |
               +--------+--------+--------+--------+--------+-----+--------+

Top non-repeatable levels by time:
     D:2: 1358 daAuts
     D:3: 974 daAuts
     D:1: 770 daAuts
     D:4: 222 daAuts
